 Dungeon Crawl Stone Soup version 0.27-a0-1277-g3808f8b1c9 (webtiles) character file.

Game seed: 11025170197489802445

1331 Gargoyl the Skirmisher (level 8, -2/67 HPs)
             Began as a Gnoll Abyssal Knight on June 12, 2021.
             Was a Priest of Lugonu.
             Slain by an ogre (20 damage)
             ... on level 5 of the Dungeon.
             The game lasted 00:07:18 (5900 turns).

Gargoyl the Skirmisher (Gnoll Abyssal Knight)       Turns: 5900, Time: 00:07:19

Health: -2/67      AC: 12    Str: 14      XL:     8   Next: 60%
Magic:  13/13      EV:  7    Int: 10 (12) God:    Lugonu [***...]
Gold:   252        SH:  0    Dex: 11      Spells: 13/13 levels left

rFire    + + .     SeeInvis +   c - +8 battleaxe of the Blessed Realm {venom, rElec rF++ SInv}
rCold    . . .     Faith    .   (shield currently unavailable)
rNeg     + + .     Spirit   .   b - +0 chain mail
rPois    .         Reflect  .   l - +1 helmet
rElec    +         Harm     .   (no cloak)
rCorr    .         Rampage  .   (no gloves)
Will     .....                  (no boots)
Stlth    ..........             s - amulet of the acrobat
HPRegen  0.21/turn              h - ring of positive energy
MPRegen  0.13/turn              k - ring of positive energy

@: no status effects
A: fangs 1, strong nose, distributed training, claws 1, subdued magic 1
a: Renounce Religion, Depart the Abyss, Bend Space, Banish


You were on level 5 of the Dungeon.
You worshipped Lugonu.
Lugonu was most pleased with you.
You visited 1 branch of the dungeon, and saw 5 of its levels.
You visited the Abyss 1 time.

You collected 252 gold pieces.

Inventory:

Hand Weapons
 a - a +1 hand axe
 c - the +8 battleaxe of the Blessed Realm (weapon) {venom, rElec rF++ SInv}
   (You acquired it on level 1 of the Abyss)

   It poisons the flesh of those it strikes.
   It greatly protects you from fire.
   It insulates you from electricity.
   It lets you see invisible.
Missiles
 n - a throwing net
 q - 15 poisoned darts (quivered)
Armour
 b - a +0 chain mail (worn)
 l - a +1 helmet (worn)
Jewellery
 h - a ring of positive energy (left claw)
 k - a ring of positive energy (right claw)
 m - the amulet "Arublos" {Faith +Blink SInv Stlth+}
   (You found it on level 5 of the Dungeon)

   [amulet of faith]

   It allows you to gain divine favour quickly.
   It lets you see invisible.
   It lets you blink.
   It makes you more stealthy.
 s - an amulet of the acrobat (around neck)
Wands
 o - a wand of flame (26)
Scrolls
 d - 3 scrolls of teleportation
 f - a scroll of magic mapping {unknown}
Potions
 e - a potion of lignification
 g - a potion of flight {unknown}
 i - a potion of might {unknown}
 j - a potion of mutation
 p - a potion of resistance {unknown}
 t - a potion of curing {unknown}
 u - a potion of haste
 v - a potion of attraction {unknown}


   Skills:
 + Level 7.4 Fighting
 + Level 3.4 Short Blades
 + Level 3.4 Long Blades
 + Level 5.8 Axes
 + Level 3.4 Maces & Flails
 + Level 3.4 Polearms
 + Level 3.4 Staves
 + Level 3.4 Slings
 + Level 3.4 Bows
 + Level 3.4 Crossbows
 + Level 3.4 Throwing
 + Level 5.8 Armour
 + Level 4.3 Dodging
 + Level 3.4 Stealth
 + Level 3.4 Shields
 + Level 3.4 Unarmed Combat
 + Level 3.4 Spellcasting
 + Level 2.8 Conjurations
 + Level 2.8 Hexes
 + Level 2.8 Summonings
 + Level 2.8 Necromancy
 + Level 2.8 Translocations
 + Level 2.8 Transmutations
 + Level 2.8 Fire Magic
 + Level 2.8 Ice Magic
 + Level 2.8 Air Magic
 + Level 2.8 Earth Magic
 + Level 2.8 Poison Magic
 + Level 6.0 Invocations
 + Level 3.4 Evocations


You had 13 spell levels left.
You didn't know any spells.
Your spell library was empty.

Dungeon Overview and Level Annotations

Branches:
Dungeon (5/15)             Temple (0/1) D:5

Altars:
Hepliaklqana
Kikubaaqudgha
Makhleb
The Shining One

Shops:
D:5 *

Annotations:
D:5 2 runed translucent doors, ooerooerooer's ghost, weakling DsDe


Innate Abilities, Weirdness & Mutations

You have very sharp teeth.
Your uncanny sense of smell can sniff out nearby items.
Your experience applies equally to all skills.
You have sharp fingernails.
Your spells are a little easier to cast, but a little less powerful.


Message History

There is an entrance to Leeshowew's General Store here.
There is a fountain of clear blue water here.
You now have 239 gold pieces (gained 5).
An adder comes into view.
The adder hisses angrily.
Found 13 gold pieces.
An adder is nearby!
Found a stone staircase leading down.
You closely miss the adder.
The adder bites you but does no damage. x2
You slash the adder!
The adder is poisoned.
The adder is almost dead.
You kill the adder!
Lugonu accepts your kill.
You see here an adder corpse.
Magic restored.
You now have 252 gold pieces (gained 13).
Found an escape hatch in the ceiling.
m - the amulet "Arublos" {Faith +Blink SInv Stlth+}
p - a viscous pink potion An ogre comes into view.
It is wielding a +0 giant spiked club.
The ogre shouts!
You hear a shout!
An ogre is nearby!
You slash the ogre!
The ogre is poisoned.
The ogre is moderately wounded.
The ogre hits you with a +0 giant spiked club!
An ogre comes into view. It is wielding a +0 giant club.
You slash the ogre!
You kill the ogre!
Lugonu accepts your kill.
The ogre hits you with a +0 giant club!!
You feel your dexterity returning.
Your Invocations skill increases to level 6!
You barely miss the ogre. The ogre closely misses you.
You barely miss the ogre.
The ogre hits you with a +0 giant club!!
* * * LOW HITPOINT WARNING * * *
You slice the ogre!!
The ogre is poisoned.
The ogre is severely wounded.
The ogre hits you with a +0 giant club!!
You die...

................#........#
###.......#####.#........#
#.......# .#.......<#
#.......# ###........#
#.......# #..........#
###.##### #.##########
#####.#### ##.## #
.........# #...#.#
#####.##.# #..#@O# .#
#.##.# #..###..# .##
#.##.##..# #..#
..###.##.#..# #..#
.........#.# ∆ #.#
...##.#..#. .# .#.##.#..#
# .#.##.#..# .#..#.#..# ∆


You could see an ogre (very poisoned).

Vanquished Creatures
  Sigmund (D:4)
  Duvessa (D:4)
  An ogre (D:5)
  A phantom (D:5)
  4 scorpions
  Dowan (D:4)
  A water moccasin skeleton (D:4)
  A howler monkey (D:4)
  4 hounds
  An orc priest (D:4)
  A gnoll shaman (D:4)
  4 iguanas
  A scorpion zombie (D:5)
  A hound skeleton (D:4)
  Robin (D:2)
  3 gnolls
  7 adders
  An adder skeleton (D:4)
  A worm (D:2)
  3 dart slugs
  6 orcs
  3 ball pythons
  6 bats
  5 endoplasms
  A giant cockroach (D:3)
  17 goblins
  8 hobgoblins
  4 jackals (D:4)
  9 quokkas
  3 frilled lizards
  13 kobolds
  3 rats
  A bush (D:1)
118 creatures vanquished.

Vanquished Creatures (others)
  A demonic plant (D:2)
  2 fungi (D:2)
  12 plants
15 creatures vanquished.

Grand Total: 133 creatures vanquished

Notes
Turn   | Place    | Note
-------+----------+-------------------------------------------
     0 | Abyss:1  | Gargoyl the Gnoll Abyssal Knight began the quest for the
                  | Orb.
     0 | Abyss:1  | Reached XP level 1. HP: 23/23 MP: 3/3
    60 | Abyss:1  | Noticed a tentacled starspawn
    61 | Abyss:1  | Identified a scroll of acquirement
    61 | Abyss:1  | Acquired the +8 battleaxe of the Blessed Realm {venom,
                  | rElec rF++ SInv}
    63 | D:1      | Escaped the Abyss
   299 | D:1      | Reached XP level 2. HP: 29/29 MP: 5/5
   508 | D:1      | Reached * piety under Lugonu
   899 | D:2      | Gained mutation: You have sharp fingernails. [potion of
                  | mutation]
   899 | D:2      | Gained mutation: Your spells are a little easier to cast,
                  | but a little less powerful. [potion of mutation]
   953 | D:2      | Reached XP level 3. HP: 34/35 MP: 6/6
  1124 | D:2      | Found a glowing golden altar of the Shining One.
  1139 | D:2      | Found a faded altar of an unknown god.
  1180 | D:2      | Noticed Robin
  1188 | D:2      | Reached skill level 1 in Short Blades
  1188 | D:2      | Reached skill level 1 in Long Blades
  1188 | D:2      | Reached skill level 1 in Maces & Flails
  1188 | D:2      | Reached skill level 1 in Polearms
  1188 | D:2      | Reached skill level 1 in Staves
  1188 | D:2      | Reached skill level 1 in Slings
  1188 | D:2      | Reached skill level 1 in Bows
  1188 | D:2      | Reached skill level 1 in Crossbows
  1188 | D:2      | Reached skill level 1 in Throwing
  1188 | D:2      | Reached skill level 1 in Stealth
  1188 | D:2      | Reached skill level 1 in Shields
  1188 | D:2      | Reached skill level 1 in Unarmed Combat
  1188 | D:2      | Reached skill level 1 in Spellcasting
  1188 | D:2      | Reached skill level 1 in Evocations
  1189 | D:2      | Reached XP level 4. HP: 21/41 MP: 7/7
  1189 | D:2      | Killed Robin
  1190 | D:2      | Reached ** piety under Lugonu
  1669 | D:2      | Reached skill level 1 in Conjurations
  1669 | D:2      | Reached skill level 1 in Hexes
  1669 | D:2      | Reached skill level 1 in Summonings
  1669 | D:2      | Reached skill level 1 in Necromancy
  1669 | D:2      | Reached skill level 1 in Translocations
  1669 | D:2      | Reached skill level 1 in Transmutations
  1669 | D:2      | Reached skill level 1 in Fire Magic
  1669 | D:2      | Reached skill level 1 in Ice Magic
  1669 | D:2      | Reached skill level 1 in Air Magic
  1669 | D:2      | Reached skill level 1 in Earth Magic
  1669 | D:2      | Reached skill level 1 in Poison Magic
  2351 | D:3      | Reached XP level 5. HP: 40/47 MP: 6/8
  2661 | D:3      | Found an ancient bone altar of Kikubaaqudgha.
  2847 | D:4      | Reached skill level 5 in Invocations
  2847 | D:4      | Reached XP level 6. HP: 33/53 MP: 6/9
  3181 | D:4      | Reached *** piety under Lugonu
  3182 | D:4      | Reached skill level 5 in Axes
  3182 | D:4      | Reached skill level 5 in Armour
  3697 | D:4      | Reached XP level 7. HP: 34/59 MP: 10/10
  3707 | D:4      | Reached skill level 7 in Fighting
  4012 | D:4      | Noticed Sigmund
  4025 | D:4      | Killed Sigmund
  4140 | D:4      | Noticed Duvessa
  4140 | D:4      | Noticed Dowan
  4142 | D:4      | Found a hazy altar of Hepliaklqana.
  4148 | D:4      | Killed Duvessa
  4159 | D:4      | Killed Dowan
  4160 | D:4      | Reached XP level 8. HP: 23/67 MP: 12/12
  4880 | D:5      | Entered Level 5 of the Dungeon
  4935 | D:5      | Found a burning altar of Makhleb.
  5128 | D:5      | Found a large runed translucent door.
  5129 | D:5      | Found a large runed translucent door.
  5131 | D:5      | Noticed ooerooerooer's ghost (weakling DsDe)
  5618 | D:5      | Found a staircase to the Ecumenical Temple.
  5815 | D:5      | Found Leeshowew's General Store.
  5877 | D:5      | Identified the amulet "Arublos" {Faith +Blink SInv Stlth+}
  5900 | D:5      | Slain by an ogre

Illustrated notes

Levels and vault maps discovered:
D:1:      wander_arrival_peaceful_grave, layout_rooms, lexackson_kobold_supper
D:2:      layout_basic, shapermc_ecumenical_altar_gd, basic_altar, uniq_robin
D:3:      layout_loops_cross, marbit_many_paths, nrook_uturn
D:4:      wad_woods_stonehenge, layout_cave_pods, grunt_decor_arrowhead,
          minmay_fractal_squares_5, uniq_sigmund, uniq_duvessa
D:5:      minmay_diamond_boxcup, layout_basic, old_standard_altar,
          temple_statues, serial_shops, shop_fountains,
          ebering_ghost_disaster_area, minmay_misc_feat_rows,
          kennysheep_another_room

Skill      XL: |  1  2  3  4  5  6  7  8 |
---------------+-------------------------+-----
Short Blades   | 1 2 3 |  3.4
Long Blades    | 1 2 3 |  3.4
Maces & Flails | 1 2 3 |  3.4
Polearms       | 1 2 3 |  3.4
Staves         | 1 2 3 |  3.4
Slings         | 1 2 3 |  3.4
Bows           | 1 2 3 |  3.4
Crossbows      | 1 2 3 |  3.4
Throwing       | 1 2 3 |  3.4
Stealth        | 1 2 3 |  3.4
Shields        | 1 2 3 |  3.4
Unarmed Combat | 1 2 3 |  3.4
Spellcasting   | 1 2 3 |  3.4
Evocations     | 1 2 3 |  3.4
Conjurations   | 1 2 |  2.8
Hexes          | 1 2 |  2.8
Summonings     | 1 2 |  2.8
Necromancy     | 1 2 |  2.8
Translocations | 1 2 |  2.8
Transmutations | 1 2 |  2.8
Fire Magic     | 1 2 |  2.8
Ice Magic      | 1 2 |  2.8
Air Magic      | 1 2 |  2.8
Earth Magic    | 1 2 |  2.8
Poison Magic   | 1 2 |  2.8
Dodging        | 3 4 |  4.3
Invocations    | 5 6 |  6.0
Axes           | 5 |  5.8
Armour         | 5 |  5.8
Fighting       | 7 |  7.4

Action                   |  1- 3 |  4- 6 |  7- 9 || total
-------------------------+-------+-------+-------++-------
Melee: Battleaxe         |    53 |    86 |    87 ||   226
       Bite              |     4 |     3 |    10 ||    17
Invok: Depart the Abyss  |     1 |       |       ||     1
  Use: Scroll            |     4 |       |     4 ||     8
       Potion            |     1 |       |     2 ||     3
Armor: Leather armour    |    14 |     8 |       ||    22
       Scale mail        |       |    64 |    34 ||    98
       Skin              |       |       |     9 ||     9
       Chain mail        |       |       |     6 ||     6
Dodge: Dodged            |    34 |    73 |    50 ||   157

Table legend: (Time is in decaauts)
 A = Elapsed time spent in this place.
 B = Non-inter-level travel time spent in this place.
 C = Inter-level travel time spent in this place.
 D = Time resting spent in this place.
 E = Time spent auto-exploring this place.
 F = Levels seen in this place.
 G = Mean time per level.
                   A        B        C        D        E       F      G
               +--------+--------+--------+--------+--------+-----+--------+
         Total |   6000 |   5908 |     92 |    598 |   4412 |   6 | 1000.0 |
       Dungeon |   5937 |   5845 |     92 |    598 |   4353 |   5 | 1187.4 |
         Abyss |     63 |     63 |      0 |      0 |     59 |   1 |   63.0 |
               +--------+--------+--------+--------+--------+-----+--------+

Top non-repeatable levels by time:
     D:4: 1841 daAuts
     D:2: 1183 daAuts
     D:3: 1182 daAuts
     D:5: 1035 daAuts
     D:1: 694 daAuts
 Abyss:1: 63 daAuts
